AoeStats
← eyupfc

Arena

508384561Analyzed
1v1 RM · 9d ago on Sep 22, 2026· 25m 45s· 2 players
Game mode
Random Map
Map size
Tiny (2 player)
Population
200
Speed
Normal
Resources
Standard
Victory
Conquest
Starting age
Dark Age
Ending age
Imperial Age
RankedLock teamsTeams togetherTeam positionsShared explorationLock speedFull tech treeHidden civsTurbo modeCheats
Victory
Defeat
🇪🇨 Byzantines · Ecuador
1251
+18
🇹🇷 Muisca · Türkiye
1296
-18
ChaosHydra.exe
10:39 Feudal Age
14:36 Castle Age
14:37 Loom
23:46 Imperial Age
22:48 Atonement
eyupfc
10:13 Feudal Age
11:49 Double-Bit Axe
14:17 Castle Age
12:08 Horse Collar
15:12 Squires
15:48 Gold Mining
16:10 Bow Saw
16:04 Champi Runner
17:26 Loom
18:48 Scale Mail Armor
25:02 Champi Warrior
Connection lost

Rejoining the realm…

Still unreachable

The connection could not be restored.

Session expired

The server has moved on; the page needs a fresh start.